 Dungeon Crawl Stone Soup version 0.17-a0-1900-g45e8110 (webtiles) character file.

135 dpvblackbelt the Twirler (level 4, 0/37 HPs)
             Began as a Minotaur Gladiator on Sept 24, 2015.
             Was a Follower of Makhleb.
             Slain by an ogre
             ... wielding a +0 giant club
              (17 damage)
             ... on level 3 of the Dungeon.
             The game lasted 00:01:56 (1744 turns).

dpvblackbelt the Twirler (Minotaur Gladiator)       Turns: 1744, Time: 00:01:56

Health: 0/37       AC:  8    Str: 19    XL:     4   Next: 96%
Magic:  3/3        EV:  8    Int:  5    God:    Makhleb [*.....]
Gold:   205        SH:  0    Dex: 12    Spells: 0 memorised, 3 levels left

rFire  . . .     SeeInvis .     a - +0 quarterstaff
rCold  . . .     Clarity  .     l - +0 chain mail
rNeg   . . .     SustAt   .     (no shield)
rPois  .         Gourm    .     c - +0 hat
rElec  .         Spirit   .     (no cloak)
rCorr  .         Warding  .     (no gloves)
rMut   .         Stasis   .     (no boots)
MR     .....                    (no amulet)
Stlth  ..........               (no ring)
                                (no ring)

@: not resistant to hostile enchantments, extremely unstealthy
A: retaliatory headbutt, horns 2
a: Renounce Religion


You were on level 3 of the Dungeon.
You worshipped Makhleb.
Makhleb was aware of your devotion.
You were near starving.

You visited 1 branch of the dungeon, and saw 4 of its levels.

You collected 205 gold pieces.

Inventory:

Hand weapons
 a - a +0 quarterstaff (weapon)
Missiles
 d - 3 throwing nets {=f, !d}
 k - 4 curare-tipped needles
Armour
 b - a +0 leather armour
 c - a +0 hat (worn)
 l - a +0 chain mail (worn)
   (You found it on level 2 of the Dungeon)
Scrolls
 f - 3 scrolls of remove curse {unknown}
 g - 5 scrolls of identify {unknown}
 h - 2 scrolls of blinking {unknown}
 m - 2 scrolls of enchant weapon {unknown}
 p - a scroll of recharging {unknown}
 r - a scroll of fear {unknown}
 s - a scroll of random uselessness {unknown}
 u - 2 scrolls of teleportation {unknown}
Potions
 n - a potion of might {unknown}
 o - 2 potions of lignification {unknown}
 q - a potion of cancellation {unknown}
 t - a potion of heal wounds {unknown}
Comestibles
 e - 3 bread rations {@e1@e1}
 i - 6 fruits
 j - 2 meat rations {@e2@e2}


   Skills:
 - Level 2.4 Fighting
 + Level 6.9 Staves
 - Level 2.0 Throwing
 - Level 3.2 Dodging


You had 3 spell levels left.
You didn't know any spells.

Dungeon Overview and Level Annotations

Branches:
Dungeon (4/15)
 Temple: D:4-7

Altars:
Cheibriados
Makhleb

Annotations:
D:4 Grinder


Innate Abilities, Weirdness & Mutations

You reflexively headbutt those who attack you in melee.
You have a pair of horns on your head.


Message History

The kobold hits you but does no damage.
You closely miss the kobold. You headbutt the kobold.
You kill the kobold!
Makhleb accepts your kill.
The kobold throws a stone.
The stone hits you but does no damage. The kobold hits you with a club.
You take 1 damage, and have 36/37 hp.
You barely miss the kobold. The kobold barely misses you.
You hit the kobold.
You kill the kobold!
Makhleb accepts your kill.
You can now gain health from killing.
No target in view!
No target in view!
No target in view!
No target in view!
No target in view!
s - a scroll labeled SAATUA IR BAUS You see here a club.
No target in view!
t - a cyan potion No target in view!
You now have 193 gold pieces (gained 12).
Found a faded altar to an unknown god.
Health restored: 37 No target in view!
A rat comes into view.
The rat twitches its whiskers.
A rat is nearby!
A rat is nearby!
A rat is nearby!
You completely miss the rat. The rat bites you but does no damage.
A rat is nearby!
You hit the rat.
You kill the rat!
Makhleb accepts your kill.
u - a scroll labeled FOCKO YRHAFIMI No target in view!
You see here a rat corpse.
Found a runed ring mail.
No target in view!
You now have 205 gold pieces (gained 12).
u - 2 scrolls labeled FOCKO YRHAFIMI (gained 1)
A hobgoblin comes into view. It is wielding a club.
The hobgoblin shouts!
You hear a shout!
A goblin comes into view. It is wielding a dagger.
The hobgoblin hits you but does no damage.
There are monsters nearby!
You thump the hobgoblin!
You kill the hobgoblin!
Makhleb accepts your kill.
A goblin is nearby!
A goblin is nearby!
The goblin hits you but does no damage.
Found a stone staircase leading up.
A goblin is nearby!
You closely miss the goblin. The goblin completely misses you.
A goblin is nearby!
You closely miss the goblin. The goblin hits you but does no damage.
A goblin is nearby!
A goblin is nearby!
You barely miss the goblin. The goblin hits you with a dagger.
You take 2 damage, and have 35/37 hp.
A goblin is nearby!
You sock the goblin!
You kill the goblin!
Makhleb accepts your kill.
Things that are here:
a club; a hobgoblin corpse No target in view!
No target in view!
No target in view!
No target in view!
You see here a dagger.
You are near starving!
Health restored: 37
(D) Dungeon
Where to? (Enter - D:3, ? - help)
There is a stone staircase leading down here.
You climb downwards.
You hear the sound of rushing water.
There is an entrance to a sewer on this level.
Hurry and find it before the portal rusts away!
An ogre comes into view. It is wielding a giant club.
The ogre shouts!
There is a stone staircase leading up here.
Grinder comes into view.
Grinder shouts!
Grinder gestures.
Grinder blinks!
You sock the ogre! The ogre hits you with a giant club!
You take 11 damage, and have 26/37 hp.
MASSIVE DAMAGE!!
There is a stone staircase leading up here.
The ogre hits you with a giant club!
You climb upwards.
There is a stone staircase leading down here.
You take 9 damage, and have 17/37 hp.
MASSIVE DAMAGE!!
You hit the ogre. The ogre hits you with a giant club!
You die...

###.##.##.#.†)#
#####..#...#
#####.......#.....#
#..##.##
......#.##..###...###
#.....##
.####.#.##..........#
##.#####
.##.......)......##.###
#.# #
.##.#.#.##.......##...#
#.. .
............###..####.#
## # #####.#.##.####..#
#(# #[#.##.##...@# #(#
#.#.##)##.#O## #.#
####.#.##......# #.#
#......##......# #.#
#......###..<..# #(##
#......# #.....# #..##
#......# #.....#
##.#.## #......#
####### #.).#.#
#..†...#### ##...##


You could see an ogre.

Vanquished Creatures
  Jessica (D:2)
  3 adders
  3 oozes
  2 worms
  2 giant geckos
  An orc (D:3)
  3 giant cockroaches
  5 goblins
  9 hobgoblins
  4 jackals (D:2)
  3 quokkas
  A ball python (D:2)
  4 bats
  5 giant newts
  9 kobolds
  5 rats
60 creatures vanquished.

Notes
Turn   | Place    | Note
--------------------------------------------------------------
     0 | D:1      | dpvblackbelt the Minotaur Gladiator began the quest for the Orb.
     0 | D:1      | Reached XP level 1. HP: 18/18 MP: 0/0
    96 | D:1      | Reached skill level 4 in Staves
   166 | D:1      | Reached XP level 2. HP: 23/25 MP: 1/1
   423 | D:1      | Reached skill level 5 in Staves
   628 | D:2      | Reached XP level 3. HP: 21/30 MP: 2/2
   861 | D:2      | Noticed Jessica
   869 | D:2      | Killed Jessica
   918 | D:2      | Reached XP level 4. HP: 37/37 MP: 3/3
   952 | D:2      | Reached skill level 6 in Staves
  1046 | D:2      | Found a snail-covered altar of Cheibriados.
  1197 | D:2      | Found a burning altar of Makhleb.
  1205 | D:2      | Became a worshipper of Makhleb the Destroyer
  1596 | D:3      | Acquired Makhleb's first power
  1619 | D:3      | Found a faded altar to an unknown god.
  1734 | D:4      | Noticed an ogre
  1737 | D:4      | Noticed Grinder
  1744 | D:3      | Slain by an ogre

Vault maps used:
D:1:      roderic_crop_circles_arrival_large
D:2:      lemuel_coloured_pillars_altar, nicolae_overflow_crystal_walls,
          first_bread, uniq_jessica
D:3:      ecumenical_altar_1
D:4:      lemuel_round_altar, minmay_temple_entry_large_hall,
          gup_sewer_entry_spiral, minmay_box_of_dots, uniq_grinder, uniq_natasha

Action                   |  1- 3 |  4- 6 || total
-------------------------+-------+-------++-------
Melee: Quarterstaff      |    47 |    65 ||   112
  Eat: Chunk             |       |     1 ||     1

Vault maps used:
D:1:      roderic_crop_circles_arrival_large
D:2:      lemuel_coloured_pillars_altar, nicolae_overflow_crystal_walls,
          first_bread, uniq_jessica
D:3:      ecumenical_altar_1
D:4:      lemuel_round_altar, minmay_temple_entry_large_hall,
          gup_sewer_entry_spiral, minmay_box_of_dots, uniq_grinder, uniq_natasha

Table legend:
 A = Turns spent in this place as a percentage of turns spent in the entire game.
 B = Non-inter-level travel turns spent in this place as a percentage of non-inter-level travel turns spent in the entire game.
 C = Inter-level travel turns spent in this place as a percentage of turns spent in this place.
 D = Turns resting spent in this place as a percentage of non-inter-level travel turns spent in this place.
 E = Turns spent auto-exploring this place as a percentage of non-inter-level travel turns spent in this place.
 F = Non-inter-level travel turns spent in this place divided by the number of levels of this place that you've seen.
                   A       B       C       D       E      F
               +-------+-------+-------+-------+-------+----------------------
         Total | 100.0 | 100.0 |   0.5 |   0.4 |  17.5 | 142.5
       Dungeon | 100.0 | 100.0 |   0.5 |   0.4 |  17.5 | 142.5
               +-------+-------+-------+-------+-------+----------------------

Table legend:
 A = Kills in this place as a percentage of kills in entire the game.
 B = Kills by you in this place as a percentage of kills by you in the entire game.
 C = Kills by friends in this place as a percentage of kills by friends in the entire game.
 D = Other kills in this place as a percentage of other kills in the entire game.
 E = Experience gained in this place as a percentage of experience gained in the entire game.
 F = Experience gained in this place divided by the number of levels of this place that you have seen.
                   A       B       C       D       E      F
               +-------+-------+-------+-------+-------+----------------------
         Total | 100.0 | 100.0 |  -nan |  -nan | 100.0 |  48.2
       Dungeon | 100.0 | 100.0 |  -nan |  -nan | 100.0 |  48.2
               +-------+-------+-------+-------+-------+----------------------
